AoeStats
← Herby

Black Forest

507661758Analyzed
4v4 RM · 13d ago on Sep 19, 2026· 58m 47s· 8 players
Game mode
Random Map
Map size
Large (8 player)
Population
200
Speed
Normal
Resources
Standard
Victory
Conquest
Starting age
Dark Age
Ending age
Imperial Age
RankedLock teamsTeams togetherTeam positionsShared explorationLock speedFull tech treeHidden civsTurbo modeCheats
Victory
Defeat
🇲🇽 Romans · Mexico
1406
+14
🇲🇽 Khmer · Mexico
1390
+15
🇹🇷 Slavs · Türkiye
1285
+20
🇯🇵 Maya · Japan
1278
+19
🇦🇺 Saracens · Australia
1381
-18
🇨🇳 Khmer · China
1373
-17
🇵🇪 Bohemians · Peru
1356
-17
🇭🇰 Turks · Hong Kong SAR China
1327
-16
ObelusCipher
4:58 Loom
12:29 Feudal Age
16:10 Castle Age
14:38 Double-Bit Axe
18:29 Bow Saw
22:33 Wheelbarrow
24:31 Scale Barding Armor
24:44 Bloodlines
27:14 Forging
27:24 Chain Barding Armor
31:43 Iron Casting
34:30 Imperial Age
32:59 Husbandry
35:40 Elite Mameluke
38:28 Plate Barding Armor
38:28 Fletching
39:39 Blast Furnace
44:02 Bimaristan
47:04 Counterweights
NOT TODAY
9:23 Loom
11:29 Feudal Age
15:31 Castle Age
16:37 Double-Bit Axe
19:18 Horse Collar
CURITA1000
7:54 Loom
12:11 Feudal Age
12:29 Man-at-Arms
15:03 Fletching
19:27 Padded Archer Armor
21:46 Horse Collar
21:52 Double-Bit Axe
26:04 Castle Age
26:12 Crossbowman
26:55 Bodkin Arrow
29:12 Ballistics
32:17 Wheelbarrow
34:42 Hand Cart
35:12 Scale Mail Armor
35:14 Squires
34:34 Pikeman
35:00 Arson
36:09 Fervor
40:22 Imperial Age
38:52 Chain Mail Armor
38:48 Forging
40:28 Halberdier
41:39 Plate Mail Armor
42:19 Chemistry
42:24 Iron Casting
44:26 Siege Engineers
44:39 Leather Archer Armor
46:29 Arbalester
48:18 Bracer
48:48 Ring Archer Armor
48:31 Masonry
49:21 Houfnice
54:01 Blast Furnace
54:17 Houfnice
Herrmann
7:57 Loom
12:02 Feudal Age
17:01 Castle Age
15:19 Double-Bit Axe
17:52 Wheelbarrow
19:35 Bow Saw
20:21 Hand Cart
25:12 Gold Mining
27:32 Bloodlines
28:25 Stone Mining
29:03 Scale Barding Armor
29:09 Forging
32:40 Chain Barding Armor
43:52 Iron Casting
Herby
6:11 Loom
7:25 Loom
11:32 Feudal Age
15:37 Castle Age
13:52 Double-Bit Axe
14:34 Gold Mining
16:38 Bow Saw
31:50 Ballistics
34:06 Horse Collar
35:04 Wheelbarrow
36:23 Hand Cart
39:30 Heavy Plow
42:31 Imperial Age
40:57 Gold Shaft Mining
41:18 Stone Mining
42:39 Capped Ram
43:47 Heavy Scorpion
45:54 Crop Rotation
45:23 Siege Ram
46:50 Siege Engineers
50:14 Chemistry
49:25 Ballistas
54:15 Comitatenses
54:16 Conscription
54:18 Scale Barding Armor
53:55 Elite Centurion
55:19 Forging
55:35 Chain Barding Armor
55:52 Bloodlines
55:42 Husbandry
57:11 Plate Barding Armor
57:16 Iron Casting
59:04 Blast Furnace
[Pb] Komodo 3000
1:02 Loom
11:07 Feudal Age
15:14 Castle Age
14:27 Double-Bit Axe
14:49 Gold Mining
20:41 Light Cavalry
22:20 Bloodlines
22:46 Bloodlines
22:53 Scale Barding Armor
28:29 Horse Collar
30:34 Forging
33:10 Chain Barding Armor
37:01 Town Watch
39:59 Wheelbarrow
40:17 Heavy Plow
40:28 Bow Saw
41:00 Gold Shaft Mining
43:21 Fortified Wall
45:51 Iron Casting
49:12 Imperial Age
47:57 Hand Cart
48:46 Redemption
50:30 Plate Barding Armor
49:18 Hussar
52:05 Blast Furnace
53:32 Husbandry
55:48 Caravan
The Uncle
11:36 Feudal Age
16:02 Castle Age
15:32 Fletching
16:17 Loom
18:08 Bodkin Arrow
19:11 Crossbowman
22:41 Padded Archer Armor
25:47 Horse Collar
26:44 Double-Bit Axe
30:06 Wheelbarrow
29:17 Town Watch
30:08 Detinets
32:04 Scale Barding Armor
32:10 Forging
34:11 Husbandry
34:21 Bloodlines
37:53 Imperial Age
36:06 Iron Casting
37:43 Chain Barding Armor
37:41 Bow Saw
37:36 Heavy Plow
40:30 Chemistry
39:42 Masonry
40:15 Plate Barding Armor
40:41 Blast Furnace
40:34 Elite Boyar
41:36 Conscription
44:20 Hand Cart
45:21 Two-Man Saw
45:34 Ballistics
44:50 Pikeman
45:30 Squires
45:52 Druzhina
46:39 Scale Mail Armor
46:25 Halberdier
46:26 Man-at-Arms
48:05 Chain Mail Armor
48:31 Crop Rotation
47:56 Long Swordsman
48:41 Two-Handed Swordsman
50:41 Leather Archer Armor
50:57 Plate Mail Armor
51:23 Champion
grifon_5th
0:25 Loom
13:42 Feudal Age
16:34 Double-Bit Axe
21:29 Fletching
21:40 Padded Archer Armor
25:38 Wheelbarrow
29:35 Castle Age
29:40 Crossbowman
30:20 Bodkin Arrow
30:33 Thumb Ring
36:03 Town Watch
39:34 Bow Saw
39:22 Horse Collar
40:15 Caravan
40:48 Coinage
42:25 Leather Archer Armor
43:18 Hand Cart
46:40 Imperial Age
45:11 Ballistics
45:17 Elite Skirmisher
46:27 Masonry
47:49 Ballistics
48:30 Chemistry
47:41 Bracer
49:10 Conscription
49:38 Hoardings
50:08 Architecture
49:19 Treadmill Crane
49:51 Fortified Wall
53:56 Two-Man Saw
52:46 Gold Mining
52:48 Stone Mining
53:00 Heavy Plow
56:53 Ring Archer Armor
Connection lost

Rejoining the realm…

Still unreachable

The connection could not be restored.

Session expired

The server has moved on; the page needs a fresh start.